 Dungeon Crawl Stone Soup version 0.25.0-11-g1f837a76a1 (webtiles) character file.

Game seed: 4289708084992508988

184 xccam the Chopper (level 5, -2/30 HPs)
             Began as a Tengu Warper on June 26, 2020.
             Killed from afar by Natasha (8 damage)
             ... with a magic dart
             ... on level 3 of the Dungeon.
             The game lasted 00:02:51 (2827 turns).

xccam the Chopper (Tengu Warper)                    Turns: 2827, Time: 00:02:51

Health: -2/30      AC:  3    Str: 12    XL:     5   Next: 63%
Magic:  9/9        EV: 12    Int: 13    God:
Gold:   154        SH:  0    Dex: 14    Spells: 8/8 levels left

rFire    . . .     SeeInvis .   a - +0 hand axe
rCold    . . .     Gourm    .   (no shield)
rNeg     . . .     Faith    .   b - +0 leather armour
rPois    .         Spirit   .   (helmet restricted)
rElec    .         Reflect  .   (no cloak)
rCorr    .         Harm     .   (no gloves)
MR       .....                  (boots unavailable)
Stlth    +.........             (no amulet)
HPRegen  0.10/turn              (no ring)
MPRegen  0.11/turn              (no ring)

@: no status effects
A: beak, talons 3, able to fly
a: Fly


You were on level 3 of the Dungeon.
You were not hungry.

You visited 1 branch of the dungeon, and saw 3 of its levels.

You collected 154 gold pieces.

Inventory:

Hand Weapons
 a - a +0 hand axe (weapon)
Missiles
 e - 5 boomerangs of dispersal (quivered)
Armour
 b - a +0 leather armour (worn)
Jewellery
 r - an uncursed ring of protection from fire
Scrolls
 d - a scroll of blinking
 g - a scroll of remove curse
 h - a scroll of noise
 i - a scroll of random uselessness {unknown}
 l - a scroll of enchant armour {unknown}
 m - 2 scrolls of amnesia {unknown}
 q - a scroll of teleportation {unknown}
Potions
 c - a potion of flight {unknown}
 s - a potion of mutation
Comestibles
 f - 3 rations
 j - a chunk of flesh


   Skills:
 - Level 2.0 Fighting
 + Level 6.0 Axes
 - Level 1.0 Throwing
 + Level 1.4 Armour
 + Level 2.4 Dodging
 - Level 2.0 Spellcasting
   Level 2.4 Translocations


You had 8 spell levels left.
You didn't know any spells.
Your spell library contained the following spells:

 Spells                   Type           Power        Failure   Level  Hunger
 Blink                    Tloc           N/A          19%         2    ###....
 Shroud of Golubria       Chrm/Tloc      #.....       30%         2    ###....
 Gell's Gravitas          Tloc           #.........   36%         3    ####...
 Lesser Beckoning         Tloc           #.........   36%         3    ####...
 Teleport Other           Tloc           #.......     36%         3    ####...
 Passage of Golubria      Tloc           N/A          77%         4    #####..


Dungeon Overview and Level Annotations

Branches:
Dungeon (3/15)

Altars:
Kikubaaqudgha
Vehumet

Annotations:
D:3 Natasha


Innate Abilities, Weirdness & Mutations

You have a beak for a mouth.
You have claws for feet.
You can fly continuously.


Message History

Natasha misses you.
You hit Natasha but do no damage.
Natasha is moderately wounded.
Natasha claws you!
You are too injured to fight recklessly!
You are too injured to fight recklessly!
You are too injured to fight recklessly!
You hit Natasha. Your kick misses Natasha. You peck Natasha.
Natasha is almost dead.
Natasha drinks a potion.
Natasha is healed!
You barely miss Natasha. Your kick misses Natasha.
Natasha is moderately wounded.
Natasha claws you!
* * * LOW HITPOINT WARNING * * *
You hit Natasha. You claw Natasha.
Natasha is heavily wounded.
Natasha hisses.
Natasha stares at you and mumbles some strange words.
The magic dart hits you!
You die...

### ### .. #..
..# ...####.###.#
..........#.#
........[.#.#
#[..._#########.#
##...............
#.#####.....[..#
#@# #.########
##h#####.#
.........#
#..#####.#
##.#####.#
#.......#
#(###...##
...#....<##
........<.#


You could see Natasha.

Vanquished Creatures
  Jessica (D:2)
  Natasha (D:3)
  A worker ant (D:2)
  A hound zombie (D:2)
  3 adders (D:2)
  An ooze (D:2)
  4 dart slugs
  A leopard gecko (D:1)
  4 orcs
  3 bats (D:1)
  4 giant cockroaches
  6 goblins
  8 hobgoblins
  A jackal (D:2)
  A ball python (D:1)
  4 frilled lizards
  7 kobolds
  5 rats
56 creatures vanquished.

Notes
Turn   | Place    | Note
-------+----------+-------------------------------------------
     0 | D:1      | xccam the Tengu Warper began the quest for the Orb.
     0 | D:1      | Reached XP level 1. HP: 12/12 MP: 4/4
   224 | D:1      | Reached XP level 2. HP: 12/17 MP: 6/6
   227 | D:1      | Reached skill level 3 in Axes
  1122 | D:1      | Reached XP level 3. HP: 14/21 MP: 7/7
  1474 | D:2      | Reached skill level 4 in Axes
  1774 | D:2      | Reached XP level 4. HP: 24/26 MP: 8/8
  1830 | D:2      | Found a radiant altar of Vehumet.
  1955 | D:2      | Reached skill level 5 in Axes
  2247 | D:2      | Gained mutation: You can fly continuously. [Tengu growth]
  2247 | D:2      | Reached XP level 5. HP: 10/30 MP: 9/9
  2711 | D:2      | Noticed Jessica
  2721 | D:2      | Killed Jessica
  2796 | D:3      | Found an ancient bone altar of Kikubaaqudgha.
  2800 | D:3      | Noticed Natasha
  2807 | D:3      | Killed Natasha
  2807 | D:3      | Reached skill level 6 in Axes
  2817 | D:3      | Noticed Natasha
  2827 | D:3      | Killed from afar by Natasha

Illustrated notes

Levels and vault maps discovered:
D:1:      dpeg_arrival_water_temple_mockup, layout_loops_ring
D:2:      minmay_general_purpose_star, layout_basic, vehumet_crystals,
          uniq_jessica
D:3:      layout_loops_ring, overflow_temple_1_default, uniq_natasha

Skill      XL: |  1  2  3  4  5 |
---------------+----------------+-----
Axes           | 3 4 5 6 |  6.0
Fighting       | |  2.0
Throwing       | |  1.0
Armour         | |  1.4
Dodging        | |  2.4
Spellcasting   | |  2.0
Translocations | |  2.4

Action                   |  1- 3 |  4- 6 || total
-------------------------+-------+-------++-------
Melee: Hand axe          |    77 |    68 ||   145
       Kick              |    25 |    17 ||    42
       Peck              |    13 |     7 ||    20
  Use: Potion            |       |     5 ||     5
       Scroll            |       |     4 ||     4
 Stab: Sleeping          |     3 |       ||     3
  Eat: Chunk             |     3 |     3 ||     6
Armor: Leather armour    |    10 |    22 ||    32
Dodge: Dodged            |    58 |    33 ||    91
